 Dungeon Crawl Stone Soup version 0.31-a0-632-g766dd24fdf (webtiles) character file.

Game seed: 4938704053346329551

58 Mickster the Chopper (level 4, 0/41 HPs)
             Began as a Hill Orc Berserker on Aug 26, 2023.
             Was a Follower of Trog.
             Slain by a cerulean imp
             ... wielding a +2 spear
             ... summoned by Natasha
              (1 damage)
             ... on level 3 of the Dungeon.
             The game lasted 00:09:50 (1889 turns).

Mickster the Chopper (Hill Orc Berserker)           Turns: 1889, Time: 00:09:51

Health: 0/41       AC: 10    Str: 21    XL:     4   Next: 2%
Magic:  4/4        EV: 13    Int:  7    God:    Trog [*.....]
Gold:   77         SH:  0    Dex: 10    Spells: 3/3 levels left

rFire   . . .        a - +0 hand axe
rCold   . . .        (no shield)
rNeg    . . .        g - +0 chain mail
rPois   .            (no helmet)
rElec   .            (no cloak)
rCorr   .            (no gloves)
SInv    .            o - +0 pair of boots
Will    .....        (no amulet) Stlth
                     h - +5 ring of evasion
HPRegen 0.26/turn    (no ring)
MPRegen 0.09/turn

%: no passive effects
@: lethally poisoned (0 -> -2), on berserk cooldown, slowed, very slow
A: no striking features
a: Renounce Religion, Berserk


You were on level 3 of the Dungeon.
You worshipped Trog.
Trog was aware of your devotion.
You visited 1 branch of the dungeon, and saw 3 of its levels.

You collected 77 gold pieces.

Inventory:

Hand Weapons
 a - a +0 hand axe (weapon)
 j - a +1 heavy flail
Armour
 b - a +0 animal skin
 g - a +0 chain mail (worn)
 o - a +0 pair of boots (worn)
Jewellery
 h - a +5 ring of evasion (left hand)
Scrolls
 d - 2 scrolls of poison
 i - a scroll of blinking
 n - a scroll of torment {unknown}
Potions
 c - a potion of haste {unknown}
 f - a potion of heal wounds {unknown}


   Skills:
 + Level 4.4 Fighting
 - Level 4.9 Axes
 + Level 2.7 Armour
 + Level 2.0 Dodging


You had 3 spell levels left.
You didn't know any spells.
Your spell library was empty.

Dungeon Overview and Level Annotations

Branches:
Dungeon (3/15)

Altars:

Shops:
D:1 :

Annotations:
D:3 Natasha


Message History

You feel yourself slow down.
The adder hisses angrily.
Natasha casts a spell.
The cerulean imp barely misses you.
You barely miss Natasha. Natasha claws you.
The cerulean imp closely misses you.
The cerulean imp hits you with a +2 spear.
The cerulean imp barely misses you.
Natasha extends her claws.
Natasha claws you.
The cerulean imp hits you but does no damage. x2
Natasha barely misses you.
The cerulean imp hits you but does no damage.
You miss Natasha. You punch Natasha, but do no damage.
Natasha casts a spell at you. You resist with some effort.
The cerulean imp hits you but does no damage.
The adder closely misses you.
The cerulean imp hits you but does no damage.
Natasha claws you but does no damage. The cerulean imp misses you.
The adder bites you.
The cerulean imp hits you with a +2 spear.
Natasha claws you.
* * * LOW HITPOINT WARNING * * *
The cerulean imp hits you from afar with a +2 spear.
* * * LOW HITPOINT WARNING * * *
The adder bites you.
* * * LOW HITPOINT WARNING * * *
You are poisoned.
The adder poisons you!
a - a +0 hand axe (weapon)
You feel sick.
The cerulean imp hits you but does no damage.
Okay, then.
You barely miss Natasha. You hit the cerulean imp. You hit the adder.
You feel sick. The adder bites you but does no damage. Natasha claws you.
* * * LOW HITPOINT WARNING * * *
The cerulean imp closely misses you. The adder barely misses you.
The cerulean imp hits you with a +2 spear.
You die...

########
..)...####### ###
#..........
###...#..........
.....5h@5........
......S.#....####
........#.####
###+###.#.# #.#.#
#.#.#
####.#.#######
#.............
####.#.##.####


You could see Natasha, 2 cerulean imps and an adder.

Vanquished Creatures
  Terence (D:2)
  2 ball pythons
  2 endoplasms (D:1)
  2 giant cockroaches
  5 goblins
  4 hobgoblins
  6 jackals
  A kobold (D:3)
  A quokka (D:1)
  2 bats
  2 rats (D:1)
28 creatures vanquished.

Notes
Turn   | Place    | Note
-------+----------+-------------------------------------------
     0 | D:1      | Mickster the Hill Orc Berserker began the quest for the
                  | Orb.
     0 | D:1      | Reached XP level 1. HP: 19/19 MP: 1/1
   133 | D:1      | Reached XP level 2. HP: 10/27 MP: 2/2
   326 | D:1      | Found Betiam's Book Shop.
  1104 | D:2      | Noticed Terence
  1120 | D:2      | Killed Terence
  1121 | D:2      | Reached XP level 3. HP: 34/34 MP: 3/3
  1574 | D:2      | Reached XP level 4. HP: 41/41 MP: 4/4
  1879 | D:3      | Noticed Natasha
  1889 | D:3      | HP: 1/41 [Natasha (5)]
  1889 | D:3      | Slain by a cerulean imp

Illustrated notes

Levels and vault maps discovered:
D:1:      dpeg_arrival_round_c, layout_basic, serial_shops,
          nicolae_shop_rolling_square
D:2:      layout_loops_ring, amcnicky_mini_pool_small, corexii_hall_statues_x,
          serial_park_tiny_2, uniq_terence
D:3:      layout_basic, minmay_snake_closets, uniq_natasha, uniq_sigmund

Skill      XL: |  1  2  3  4 |
---------------+-------------+-----
Fighting       | 4 |  4.4
Dodging        | 2 |  2.0
Axes           | |  4.9
Armour         | |  2.7

Action                     |  1- 3 |  4- 6 || total
---------------------------+-------+-------++-------
  Melee: Hand axe          |    76 |     1 ||    77
         Flail             |    16 |     3 ||    19
         Punch             |     1 |     1 ||     2
 Invoke: Berserk           |     1 |     1 ||     2
    Use: Scroll            |     7 |       ||     7
 Armour: Animal skin       |     6 |       ||     6
         Chain mail        |    46 |     9 ||    55
  Dodge: Dodged            |   123 |    11 ||   134

Table legend: (Time is in decaauts)
 A = Elapsed time spent in this place.
 B = Non-inter-level travel time spent in this place.
 C = Inter-level travel time spent in this place.
 D = Time resting spent in this place.
 E = Time spent auto-exploring this place.
 F = Levels seen in this place.
 G = Mean time per level.
                   A        B        C        D        E       F      G
               +--------+--------+--------+--------+--------+-----+--------+
         Total |   1923 |   1812 |    111 |    196 |   1123 |   3 |  641.0 |
       Dungeon |   1923 |   1812 |    111 |    196 |   1123 |   3 |  641.0 |
               +--------+--------+--------+--------+--------+-----+--------+

Top non-repeatable levels by time:
     D:1: 956 daAuts
     D:2: 921 daAuts
     D:3: 45 daAuts
